 Dungeon Crawl Stone Soup version 0.20.1-1-g8b1a95d66d (webtiles) character file.

65 NixNut the Skirmisher (level 3, -5/43 HPs)
             Began as a Demonspawn Berserker on Dec 29, 2017.
             Was a Believer of Trog.
             Slain by Sigmund
             ... wielding a +0 scythe
              (10 damage)
             ... on level 3 of the Dungeon.
             The game lasted 00:06:33 (2884 turns).

NixNut the Skirmisher (Demonspawn Berserker)        Turns: 2884, Time: 00:06:34

Health: -5/43      AC:  9    Str: 23    XL:     3   Next: 94%
Magic:  3/3        EV:  8    Int:  8    God:    Trog [**....]
Gold:   109        SH:  4    Dex: 12    Spells: 2/2 levels left

rFire    + . .     SeeInvis .   a - +0 falchion
rCold    . . .     Gourm    .   g - +0 buckler
rNeg     . . .     Faith    .   k - +0 chain mail
rPois    .         Spirit   .   (no helmet)
rElec    .         Reflect  .   (no cloak)
rCorr    .         Harm     .   (no gloves)
MR       .....                  m - +0 pair of boots
Stlth    ..........             (no amulet)
Regen    0.2/turn               (no ring)
MPRegen  0.1/turn               (no ring)

@: berserking, very quick
A: fire resistance 1
a: Berserk, Trog's Hand, Burn Spellbooks, Renounce Religion


You were on level 3 of the Dungeon.
You worshipped Trog.
Trog was pleased with you.
You were not hungry.

You visited 1 branch of the dungeon, and saw 4 of its levels.

You collected 109 gold pieces.

Inventory:

Hand Weapons
 a - a +0 falchion (weapon)
Armour
 g - a +0 buckler (worn)
 k - a +0 chain mail (worn)
 m - a +0 pair of boots (worn)
Scrolls
 h - a scroll of recharging {unknown}
 i - 2 scrolls of identify {unknown}
 j - 2 scrolls of teleportation {unknown}
 l - a scroll of enchant weapon {unknown}
 n - a scroll of immolation {unknown}
Potions
 b - a potion of resistance {unknown}
 d - 4 potions of curing {unknown}
 e - a potion of berserk rage {unknown}
 f - a potion of heal wounds {unknown}
Comestibles
 c - a bread ration


   Skills:
 - Level 3.5 Fighting
 + Level 3.4 Long Blades
 - Level 1.7 Armour
 - Level 1.7 Dodging
 * Level 1.8 Shields


You had 2 spell levels left.
You didn't know any spells.

Dungeon Overview and Level Annotations

Branches:
Dungeon (4/15)
 Temple: D:4-7

Altars:
Yredelemnul

Annotations:
D:3 Sigmund


Innate Abilities, Weirdness & Mutations

Your flesh is heat resistant. (rF+)


Message History

You hit something. Something hits you but does no damage.
You closely miss something.
You hear some strange, mumbled words.
A puff of flame appears from out of thin air!
The puff of flame misses you.
You slash something! Something hits you but does no damage.
You barely miss something. You closely miss something.
You block something's attack.
You closely miss something. Something hits you.
You barely miss something. Something hits you but does no damage.
You barely miss something. You hit something but do no damage.
Something hits you.
You completely miss something. Something hits you.
A red film seems to cover your vision as you go berserk!
You feel yourself moving faster!
You feel mighty!
You feel quite a bit more hungry. Something hits you!
* * * LOW HITPOINT WARNING * * *
You slash something! You miss something. Something hits you!
You die...

#.........
#........
##.......
.......
..... ...
#{#
##@#.#.##
#.........
#.##....##
#.# ###+#
#.# ...
..$ ####


There were no monsters in sight!

Vanquished Creatures
  3 adders (D:2)
  A worm (D:3)
  A dart slug (D:1)
  A leopard gecko (D:2)
  A ball python (D:2)
  2 giant cockroaches
  2 goblins (D:1)
  3 hobgoblins
  6 kobolds
  A quokka (D:4)
  6 bats
  A frilled lizard (D:3)
  5 rats
33 creatures vanquished.

Notes
Turn   | Place    | Note
-------+----------+-------------------------------------------
     0 | D:1      | NixNut the Demonspawn Berserker began the quest for the Orb.
     0 | D:1      | Reached XP level 1. HP: 18/18 MP: 1/1
   823 | D:1      | Gained mutation: Your flesh is heat resistant. (rF+) [demonic ancestry]
   823 | D:1      | Reached XP level 2. HP: 24/24 MP: 2/2
  1496 | D:2      | Reached XP level 3. HP: 29/29 MP: 3/3
  1696 | D:2      | Reached skill level 1 in Shields
  1773 | D:2      | Found a basalt altar of Yredelemnul.
  1791 | D:2      | You fall through a shaft for 2 floors!
  2752 | D:2      | Reached ** piety under Trog
  2862 | D:3      | Noticed Sigmund
  2884 | D:3      | Slain by Sigmund

Skill      XL: |  1  2  3 |
---------------+----------+-----
Long Blades    | 3 |  3.4
Shields        | 1 |  1.8
Fighting       | |  3.5
Armour         | |  1.7
Dodging        | |  1.7

Action                   || total
-------------------------++-------
Melee: Falchion          ||   123
Invok: Berserk           ||     1
  Use: Scroll            ||     2
  Eat: Bread ration      ||     2
Armor: Ring mail         ||     8
       Animal skin       ||     2
       Chain mail        ||    37
Dodge: Dodged            ||    41
Block: Buckler           ||     2
       Rpst.: Falchion   ||    12
